 Dungeon Crawl Stone Soup version 0.26-a0-712-ga5a9c9c9d0 (webtiles) character file.

Game seed: 12624240440009216774

46 ringo67 the Sneak (level 3, 0/22 HPs)
             Began as a Kobold Brigand on Oct 31, 2020.
             Slain by a hound (6 damage)
             ... on level 2 of the Dungeon.
             The game lasted 00:01:51 (1784 turns).

ringo67 the Sneak (Kobold Brigand)                  Turns: 1784, Time: 00:01:52

Health: 0/22       AC:  3    Str:  8    XL:     3   Next: 92%
Magic:  12/12      EV: 15    Int: 12    God:
Gold:   108        SH:  0    Dex: 17    Spells: 2/2 levels left

rFire    . . .     SeeInvis .   a - +2 dagger
rCold    . . .     Faith    .   (shield restricted)
rNeg     + . .     Spirit   .   b - +0 robe
rPois    .         Reflect  .   (no helmet)
rElec    .         Harm     .   c - +0 cloak
rCorr    .         Rampage  .   (no gloves)
MR       .....                  (no boots)
Stlth    ++++......             (no amulet)
HPRegen  0.07/turn              i - ring of magical power
MPRegen  0.13/turn              s - ring of positive energy

@: no status effects
A: small, nightstalker 3
a: no special abilities


You were on level 2 of the Dungeon.
You visited 1 branch of the dungeon, and saw 2 of its levels.

You collected 108 gold pieces.

Inventory:

Hand Weapons
 a - a +2 dagger (weapon)
Missiles
 d - 7 poisoned darts (quivered)
 e - 2 curare-tipped darts
Armour
 b - a +0 robe (worn)
 c - a +0 cloak (worn)
 m - a +0 leather armour
Jewellery
 i - a ring of magical power (left hand)
 j - a cursed ring of teleportation {unknown}
 s - a ring of positive energy (right hand)
Scrolls
 f - 3 scrolls of fog {unknown}
 g - a scroll of remove curse {unknown}
 h - a scroll of magic mapping {unknown}
 k - 2 scrolls of identify {unknown}
 n - a scroll of teleportation {unknown}
 o - 2 scrolls of amnesia {unknown}
 p - a scroll of random uselessness {unknown}
 t - a scroll of enchant armour {unknown}
Potions
 l - a potion of ambrosia {unknown}
 q - a potion of stabbing {unknown}
 r - a potion of resistance {unknown}


   Skills:
 + Level 2.8 Fighting
 + Level 3.4 Short Blades
 - Level 2.1 Throwing
 + Level 2.2 Dodging
 + Level 5.9 Stealth


You had 2 spell levels left.
You didn't know any spells.
Your spell library was empty.

Dungeon Overview and Level Annotations

Branches:
Dungeon (2/15)

Altars:


Innate Abilities, Weirdness & Mutations

You are small and have problems with some larger weapons.
You are completely attuned to the shadows.


Message History

The hound misses you.
You barely miss the hound.
The hound is heavily wounded.
The leopard gecko misses you. The hound bites you.
You hit the hound.
The hound is heavily wounded.
The hound barely misses you. The leopard gecko barely misses you.
You hit the hound.
The hound is severely wounded.
The hound bites you. The leopard gecko bites you.
* * * LOW HITPOINT WARNING * * *
You are too injured to fight recklessly!
Throwing (i - inventory. (/) - cycle)
d - 8 poisoned darts (quivered)
Press: ? - help, Shift-Dir - straight line, f - leopard gecko
Aim: a leopard gecko You throw a poisoned dart.
The poisoned dart closely misses the leopard gecko.
The hound closely misses you. The leopard gecko misses you.
The hound bites you.
You die...

#......#
#.......# #
#......#
####....# #
###......#
#....# #
.........##
#....# #
..........#
#....#
######
..........#
###....#
#.....
.##.......#
#......#
#.....
.##########
#......#
#..... .#
#..@..##
###### .#
#..hl.# .#
#....=# .#
#.....# .#
#.....# .#
##


You could see a hound and a leopard gecko.

Vanquished Creatures
  A worm (D:2)
  3 dart slugs
  A leopard gecko (D:1)
  4 bats
  3 goblins
  3 hobgoblins
  6 jackals
  A quokka (D:2)
  A ball python (D:2)
  A frilled lizard (D:2)
  5 kobolds
  5 rats
34 creatures vanquished.

Notes
Turn   | Place    | Note
-------+----------+-------------------------------------------
     0 | D:1      | ringo67 the Kobold Brigand began the quest for the Orb.
     0 | D:1      | Reached XP level 1. HP: 12/12 MP: 1/1
    71 | D:1      | Reached XP level 2. HP: 18/18 MP: 2/2
   558 | D:1      | Reached XP level 3. HP: 22/22 MP: 3/3
  1784 | D:2      | Slain by a hound

Illustrated notes

Levels and vault maps discovered:
D:1:      lemuel_arrival_funnel, layout_basic
D:2:      layout_basic

Skill      XL: |  1  2  3 |
---------------+----------+-----
Short Blades   | 3 |  3.4
Dodging        | 2 |  2.2
Fighting       | |  2.8
Throwing       | |  2.1
Stealth        | |  5.9

Action                   || total
-------------------------++-------
Melee: Dagger            ||    99
Throw: Dart              ||     4
 Stab: Sleeping          ||    20
Armor: Robe              ||    10
Dodge: Dodged            ||    71

Table legend: (Time is in decaauts)
 A = Elapsed time spent in this place.
 B = Non-inter-level travel time spent in this place.
 C = Inter-level travel time spent in this place.
 D = Time resting spent in this place.
 E = Time spent auto-exploring this place.
 F = Levels seen in this place.
 G = Mean time per level.
                   A        B        C        D        E       F      G
               +--------+--------+--------+--------+--------+-----+--------+
         Total |   1767 |   1736 |     31 |    283 |   1219 |   2 |  883.5 |
       Dungeon |   1767 |   1736 |     31 |    283 |   1219 |   2 |  883.5 |
               +--------+--------+--------+--------+--------+-----+--------+

Top non-repeatable levels by time:
     D:1: 907 daAuts
     D:2: 859 daAuts
